 Dungeon Crawl Stone Soup version 0.30-a0-772-g5528072125 (webtiles) character file.

Game seed: 1725855258745999320

4 Mickster the Sneak (level 1, 0/16 HPs)
             Began as a Demigod Wanderer on Feb 12, 2023.
             Slain by a frilled lizard (3 damage)
             ... on level 1 of the Dungeon.
             The game lasted 00:01:49 (62 turns).

Mickster the Sneak (Demigod Wanderer)                 Turns: 62, Time: 00:01:49

Health: 0/16       AC:  2    Str:  9    XL:     1   Next: 40%
Magic:  5/5        EV: 11    Int: 18    God:
Gold:   27         SH:  0    Dex: 13    Spells: 2/3 levels left

rFire   . . .      SeeInvis .    a - +2 dagger
rCold   . . .      Faith    .    (no shield)
rNeg    . . .      Spirit   .    e - +0 robe
rPois   .          Reflect  .    (no helmet)
rElec   .          Harm     .    (no cloak)
rCorr   .          Rampage  .    (no gloves)
Will    .....                    (no boots)
Stlth   ++                       (no amulet)
HPRegen 0.22/turn                (no ring)
MPRegen 0.09/turn                (no ring)

@: no status effects
A: high MP 1, forlorn, divine attributes
a: no special abilities


You were on level 1 of the Dungeon.
You visited 1 branch of the dungeon, and saw 1 of its levels.

You collected 27 gold pieces.

Inventory:

Hand Weapons
 a - a +2 dagger (weapon)
Armour
 e - a +0 robe (worn)
Scrolls
 b - a scroll of fear
 c - a scroll of fog
 d - a scroll of vulnerability


   Skills:
 + Level 1.0 Fighting
 + Level 1.0 Armour
 + Level 2.8 Stealth
 + Level 1.9 Spellcasting
 + Level 1.8 Earth Magic
 + Level 1.0 Evocations


You had 2 spell levels left.
You knew the following spells:

 Your Spells              Type           Power      Damage    Failure   Level
a - Sandblast             Erth           16%        2d6       9%          1

Your spell library contained the following spells:

 Spells                   Type           Power      Damage    Failure   Level
 Stone Arrow              Conj/Erth      10%        3d7       36%         3


Dungeon Overview and Level Annotations

Branches:
Dungeon (1/15)


Innate Abilities, Weirdness & Mutations

You have an increased reservoir of magic. (+10% MP)
You shall have no god before yourself.
Your divine heritage dramatically boosts your attributes as you level up.


Message History

You kill the endoplasm!
The hobgoblin closely misses you. The hobgoblin attacks as you move away!
The hobgoblin barely misses you.
The frilled lizard attacks as you move away!
The frilled lizard bites you but does no damage.
You hit the hobgoblin.
The hobgoblin is almost dead.
The frilled lizard bites you. The hobgoblin closely misses you.
You hit the hobgoblin.
You kill the hobgoblin!
The frilled lizard bites you but does no damage.
The quokka misses you. The quokka bites you.
The frilled lizard closely misses you.
You closely miss the quokka.
The quokka bites you but does no damage.
The frilled lizard bites you.
You hit the quokka.
The quokka is heavily wounded.
The quokka closely misses you.
The frilled lizard bites you but does no damage.
You barely miss the quokka.
The quokka is heavily wounded.
The quokka barely misses you.
The frilled lizard completely misses you.
You hit the quokka but do no damage.
The quokka is heavily wounded.
The quokka closely misses you. The frilled lizard closely misses you.
You hit the quokka but do no damage.
The quokka is heavily wounded.
The quokka closely misses you. The quokka bites you.
The frilled lizard bites you.
You closely miss the quokka.
The quokka is heavily wounded.
The quokka barely misses you. The frilled lizard barely misses you.
You barely miss the quokka.
The quokka is heavily wounded.
The quokka bites you.
* * * LOW HITPOINT WARNING * * *
The frilled lizard bites you.
You die...

#.#..###.#.## #
#..............# # #
#.#..........##..# #.####
#.#..........##..# ...#
#............##..######.#
#..........##..........
#..........###.######.#
#.....r.$..##...#####.#
#.....@l..............#
#...........#...#######
#..##..#.#..##..#
#...........##..#
##.##...†#.###..#
#.........# #..#
####.#.........#
#.#.#######.# #.#.#


You could see a quokka and a frilled lizard.

Vanquished Creatures
  An endoplasm (D:1)
  A hobgoblin (D:1)
  A ball python (D:1)
  A rat (D:1)
4 creatures vanquished.

Notes
Turn   | Place    | Note
-------+----------+-------------------------------------------
     0 | D:1      | Mickster the Demigod Wanderer began the quest for the Orb.
     0 | D:1      | Mickster set off with the following items: a +2 dagger, a
                  | scroll of fear, a scroll of fog, a scroll of vulnerability,
                  | a +0 robe; and the following spell memorised: Sandblast;
                  | and the following spells available to memorise: Stone
                  | Arrow.
     0 | D:1      | Reached XP level 1. HP: 16/16 MP: 5/5
    62 | D:1      | Slain by a frilled lizard

Illustrated notes

Levels and vault maps discovered:
D:1:      lightli_molten_gateway, layout_loops_ring, minmay_rat_gold_closets

Action                     || total
---------------------------++-------
  Melee: Dagger            ||    15
   Stab: Sleeping          ||     1
 Armour: Robe              ||     4
  Dodge: Dodged            ||    16

Table legend: (Time is in decaauts)
 A = Elapsed time spent in this place.
 B = Non-inter-level travel time spent in this place.
 C = Inter-level travel time spent in this place.
 D = Time resting spent in this place.
 E = Time spent auto-exploring this place.
 F = Levels seen in this place.
 G = Mean time per level.
                   A        B        C        D        E       F      G
               +--------+--------+--------+--------+--------+-----+--------+
         Total |     62 |     38 |     24 |      0 |      0 |   1 |   62.0 |
       Dungeon |     62 |     38 |     24 |      0 |      0 |   1 |   62.0 |
               +--------+--------+--------+--------+--------+-----+--------+

Top non-repeatable levels by time:
     D:1: 62 daAuts
